[Event "ESTCC U50 2018"]
[Site "Walbrzych"]
[Date "2018.04.17"]
[Round "4"]
[White "Viljava, Tapani"]
[Black "Wielosz, Jaroslaw"]
[Result "1-0"]
[ECO "A20"]
[WhiteElo "2162"]
[BlackElo "2038"]
[Annotator "NA"]
[PlyCount "85"]
[EventDate "2018.??.??"]
[EventCountry "POL"]
[SourceTitle "playchess.com"]
[Source "ChessBase"]
[SourceQuality "1"]
[WhiteTeam "Finland"]
[BlackTeam "Poland"]
[WhiteTeamCountry "FIN"]
[BlackTeamCountry "POL"]
[TimeControl "40/5400+30:1800+30"]

1. c4 e5 2. g3 Nf6 3. Bg2 Nc6 4. Nc3 Bb4 5. Nd5 Nxd5 6. cxd5 Ne7 7. Nf3 Ng6 8. O-O O-O 9. d4 d6 10. Qa4 c5 11. dxc6 Qa5 12. Qxa5 Bxa5 13. dxe5 dxe5 $18 14. Nxe5 Nxe5 15. cxb7 Bxb7 16. Bxb7 Rab8 17. Bd5 Rfd8 18. Bb3 Nc6 19. Bg5 Re8 20. Be3 Bb6 21. Bxb6 Rxb6 22. e3 Na5 23. Bd5 Rxb2 24. Rab1 Rb6 25. Rfc1 g6 26. Rxb6 axb6 27. Rc7 Rf8 28. a4 Kg7 29. f4 Kf6 30. Kf2 h6 31. e4 g5 32. Kf3 gxf4 33. gxf4 Kg6 34. f5+ Kg5 35. Bxf7 Kf6 36. Bd5 Ke5 37. Re7+ Kd4 38. Re6 Rc8 39. f6 Rc1 40. Rxb6 Rf1+ 41. Ke2 Rf4 42. f7 Nc4 43. Rb4 1-0

[Event "ESTCC U50 2018"]
[Site "Walbrzych"]
[Date "2018.04.17"]
[Round "4"]
[White "Ograbek, Grzegorz"]
[Black "Kivimaki, Jaakko"]
[Result "1-0"]
[ECO "D24"]
[WhiteElo "2140"]
[BlackElo "2181"]
[Annotator "NA"]
[PlyCount "61"]
[EventDate "2018.??.??"]
[EventCountry "POL"]
[SourceTitle "playchess.com"]
[Source "ChessBase"]
[SourceQuality "1"]
[WhiteTeam "Poland"]
[BlackTeam "Finland"]
[WhiteTeamCountry "POL"]
[BlackTeamCountry "FIN"]
[TimeControl "40/5400+30:1800+30"]

1. d4 d5 2. c4 dxc4 3. Nf3 Nf6 4. Nc3 a6 $11 {[%emt 0:00:57] LiveBook: 767 Games} 5. e4 e6 6. Bxc4 c5 7. O-O b5 8. Bd3 cxd4 9. Nxd4 Bc5 10. Nb3 Bb4 11. e5 Bxc3 12. bxc3 Nd5 13. Qg4 g6 14. Bg5 f5 15. exf6 Kf7 16. c4 bxc4 17. Bxc4 Nc6 18. Rfe1 Re8 19. Rad1 Ra7 20. Qf3 Rd7 21. Nc5 Rd6 22. Ne4 Rd7 23. Bh6 Kg8 24. Nd6 Ne5 25. Rxe5 Nxf6 26. Bg5 Rxd6 27. Rxd6 Qxd6 28. Bxf6 Rf8 29. Re1 Qb4 30. Qc3 Qb6 31. Bd4 1-0

[Event "ESTCC U50 2018"]
[Site "Walbrzych"]
[Date "2018.04.17"]
[Round "4"]
[White "Laszewicz, Pawel"]
[Black "Lewis, Andrew P"]
[Result "0-1"]
[ECO "B47"]
[WhiteElo "2110"]
[BlackElo "2279"]
[Annotator "NA"]
[PlyCount "59"]
[EventDate "2018.??.??"]
[EventCountry "POL"]
[SourceTitle "playchess.com"]
[Source "ChessBase"]
[SourceQuality "1"]
[WhiteTeam "Poland"]
[BlackTeam "England"]
[WhiteTeamCountry "POL"]
[BlackTeamCountry "ENG"]
[TimeControl "40/5400+30:1800+30"]

1. e4 c5 2. Nf3 Nc6 3. d4 cxd4 4. Nxd4 e6 5. Nc3 Qc7 6. Nxc6 {LiveBook: 167 Games} bxc6 7. Bd3 Nf6 8. O-O Be7 9. f4 d5 10. Kh1 g6 11. Qf3 O-O 12. exd5 cxd5 13. Bd2 Rb8 14. f5 $15 Rxb2 15. Nb5 Rxb5 16. Bxb5 exf5 17. Qc3 Qb8 18. Rab1 Ne4 19. Qd3 Bd6 20. g3 Qc7 21. Be3 d4 22. Bxd4 Bb7 23. Kg1 Ng5 24. Rfe1 Nf3+ 25. Kf1 Nxh2+ 26. Ke2 Nf3 27. Bc4 Be4 28. Qc3 Nxd4+ 29. Qxd4 Be5 30. Ra1 0-1

[Event "ESTCC U50 2018"]
[Site "Walbrzych"]
[Date "2018.04.17"]
[Round "4"]
[White "Lopez de Turiso, Jose Angel"]
[Black "Giulian, Rosemary A"]
[Result "1/2-1/2"]
[ECO "E30"]
[WhiteElo "2064"]
[BlackElo "1880"]
[Annotator "NA"]
[PlyCount "60"]
[EventDate "2018.??.??"]
[EventCountry "POL"]
[SourceTitle "playchess.com"]
[Source "ChessBase"]
[SourceQuality "1"]
[WhiteTeam "Spain"]
[BlackTeam "Scotland"]
[WhiteTeamCountry "ESP"]
[BlackTeamCountry "SCO"]
[TimeControl "40/5400+30:1800+30"]

1. d4 e6 2. c4 Nf6 3. Nc3 Bb4 4. Bg5 h6 5. Bh4 O-O 6. e3 b6 7. Be2 Bb7 8. Bf3 Bxc3+ 9. bxc3 d5 10. Bxf6 Qxf6 11. cxd5 exd5 12. Ne2 c6 13. O-O Ba6 14. Qc2 Nd7 15. a4 Bc4 16. Rfe1 Rad8 $14 17. Ng3 g6 18. Be2 Bxe2 19. Rxe2 Rfe8 20. c4 dxc4 21. Qxc4 c5 22. Rd1 Ne5 23. Qc2 cxd4 24. exd4 Qc6 25. Qb3 Qc4 26. Qxc4 Nxc4 27. Ne4 Kg7 28. f3 f5 29. Nc3 Rxe2 30. Nxe2 a6 1/2-1/2

[Event "ESTCC U50 2018"]
[Site "Walbrzych"]
[Date "2018.04.17"]
[Round "4"]
[White "Van de Wynkele, Herman"]
[Black "Nuenchert, Eveline"]
[Result "1-0"]
[ECO "B41"]
[WhiteElo "2048"]
[BlackElo "2033"]
[Annotator "NA"]
[PlyCount "79"]
[EventDate "2018.??.??"]
[EventCountry "POL"]
[SourceTitle "playchess.com"]
[Source "ChessBase"]
[SourceQuality "1"]
[WhiteTeam "Belgium"]
[BlackTeam "Germany"]
[WhiteTeamCountry "BEL"]
[BlackTeamCountry "GER"]
[TimeControl "40/5400+30:1800+30"]

1. e4 c5 2. Nf3 e6 3. d4 cxd4 4. Nxd4 a6 5. c4 Nf6 6. Nc3 Qc7 7. Bd3 Be7 8. O-O d6 9. Be3 O-O 10. Rc1 Nc6 {[%emt 0:04:59] B42: Sicilian: Kan Variation: 5 Bd3} (10... Nbd7 11. f4 Re8 12. g4 Nc5 13. Bb1 e5 14. Nf5 Bxf5 15. exf5 exf4 16. Bd4 h6 17. h4 Nh7 18. Nd5 {½-½ (39) Karjakin,S (2723)-Timofeev,A (2651) Khanty-Mansiysk 2009}) 11. Qe2 Nxd4 12. Bxd4 e5 13. Be3 Bd7 $146 ({Predecessor:} 13... Be6 14. f3 Rac8 15. b3 Qa5 16. Qb2 Rc7 17. Rf2 Nd7 18. Nd5 Bxd5 19. cxd5 Nc5 20. Bf1 {1-0 (20) Martinez Ival,C (2083)-Silva Mazorra,P (1983) Havana 2009}) 14. h3 Bc6 15. b4 Qd8 16. a4 b6 17. Qc2 Rc8 18. Rfd1 Bb7 19. Qb1 Nd7 $16 20. a5 Bg5 21. Bxg5 Qxg5 22. axb6 f5 23. Nd5 Bxd5 24. cxd5 Nxb6 25. Bxa6 Rxc1 26. Qxc1 Qh5 27. Rf1 Qe8 28. Qc6 Qb8 29. exf5 Rxf5 30. Rc1 Rf7 31. Qb5 Qa7 32. Rc6 Nd7 33. Qe2 g6 34. Bc8 Qb8 35. Bxd7 Rxd7 36. Qg4 Qe8 37. b5 Kg7 38. b6 Rf7 39. Rc7 Qb5 40. Qe6 1-0

[Event "ESTCC U50 2018"]
[Site "Walbrzych"]
[Date "2018.04.17"]
[Round "4"]
[White "Robertson, Ian C"]
[Black "Pastor Alonso De Prado, Alberto"]
[Result "1/2-1/2"]
[ECO "C26"]
[WhiteElo "2038"]
[BlackElo "2162"]
[Annotator "NA"]
[PlyCount "64"]
[EventDate "2018.??.??"]
[EventCountry "POL"]
[SourceTitle "playchess.com"]
[Source "ChessBase"]
[SourceQuality "1"]
[WhiteTeam "Scotland"]
[BlackTeam "Spain"]
[WhiteTeamCountry "SCO"]
[BlackTeamCountry "ESP"]
[TimeControl "40/5400+30:1800+30"]

1. e4 e5 2. Nc3 Nf6 3. g3 Bb4 4. Bg2 c6 {[%emt 0:03:04] C26: Vienna Game: 2...Nf6, sidelines} (4... Bxc3 5. bxc3 d6 6. d3 Nc6 7. Nf3 h6 8. O-O Bg4 9. h3 Be6 10. c4 Qd7 11. Kh2 g5 12. Ng1 {1-0 (82) Pridorozhni,A (2565)-Predke,A (2601) Sochi 2017}) 5. d3 d5 6. Bd2 O-O 7. Nge2 dxe4 8. Nxe4 Nxe4 9. dxe4 $146 ({Predecessor:} 9. Bxe4 Bc5 10. O-O Bh3 11. Bg2 Bxg2 12. Kxg2 {0-1 (36) Schulz,L (1886)-Yankelevich,L (2180) Naumburg 2012}) 9... Bc5 10. Bc3 f6 11. Qxd8 Rxd8 12. Nc1 Na6 13. Nd3 Bd4 14. Bxd4 Rxd4 15. O-O-O Bg4 16. f3 Be6 17. b3 Rad8 18. Nf2 c5 19. c3 Rxd1+ 20. Rxd1 Rxd1+ $11 21. Nxd1 Kf7 22. Ne3 g6 23. Bf1 Nc7 24. Bd3 Ne8 25. Bc4 Bxc4 26. Nxc4 Ke6 27. Kd2 f5 28. Ke3 b6 29. Kd3 f4 30. g4 h5 31. gxh5 gxh5 32. Ke2 Nd6 1/2-1/2

[Event "ESTCC U50 2018"]
[Site "Walbrzych"]
[Date "2018.04.17"]
[Round "4"]
[White "Strzelecki, Jerzy"]
[Black "Salonen, Jyrki"]
[Result "1-0"]
[ECO "A21"]
[WhiteElo "2038"]
[BlackElo "2159"]
[Annotator "NA"]
[PlyCount "83"]
[EventDate "2018.??.??"]
[EventCountry "POL"]
[SourceTitle "playchess.com"]
[Source "ChessBase"]
[SourceQuality "1"]
[WhiteTeam "Poland"]
[BlackTeam "Finland"]
[WhiteTeamCountry "POL"]
[BlackTeamCountry "FIN"]
[TimeControl "40/5400+30:1800+30"]

1. Nf3 d6 2. c4 e5 3. Nc3 g6 4. g3 Bg7 5. Bg2 c5 6. O-O Nc6 7. Ne1 Be6 8. d3 Nge7 9. Nd5 O-O 10. Nc2 {A37: Symmetrical English vs ...g6: 4 Bg2 Bg7 5 Nf3} Qd7 11. Bd2 Bh3 12. e4 Bxg2 13. Kxg2 {[#]} Nxd5 $146 ({Predecessor:} 13... f5 14. f3 Rf7 15. Bg5 Nxd5 16. exd5 Nb8 17. Qd2 Qe8 {½-½ (42) Ftacnik,L (2544)-Mista,A (2562) Czechia 2013}) 14. cxd5 Nd4 15. Nxd4 exd4 16. a4 b6 17. b3 f5 18. f3 Rf7 19. Qe2 Re8 20. Rae1 a6 21. Qd1 b5 22. Qc2 fxe4 $11 23. fxe4 Rxf1 24. Rxf1 h5 25. h3 Be5 26. Bf4 Qe7 27. Qe2 Kg7 28. axb5 axb5 29. Qf3 Kg8 30. Bxe5 dxe5 31. Qf6 Qg7 32. Qc6 Rf8 33. Rxf8+ Kxf8 34. Qxc5+ Qe7 35. d6 Qg5 36. d7+ Kg7 37. h4 Qd2+ 38. Kh3 Qd1 39. Qxe5+ Kh7 40. Qe7+ Kh6 41. Qf8+ Kh7 42. Kg2 1-0

[Event "ESTCC U50 2018"]
[Site "Walbrzych"]
[Date "2018.04.17"]
[Round "4"]
[White "Reuben, Stewart"]
[Black "Kowalczuk, Wojciech"]
[Result "0-1"]
[ECO "A16"]
[WhiteElo "2026"]
[BlackElo "2049"]
[Annotator "NA"]
[PlyCount "110"]
[EventDate "2018.??.??"]
[EventCountry "POL"]
[SourceTitle "playchess.com"]
[Source "ChessBase"]
[SourceQuality "1"]
[WhiteTeam "England"]
[BlackTeam "Poland"]
[WhiteTeamCountry "ENG"]
[BlackTeamCountry "POL"]
[TimeControl "40/5400+30:1800+30"]

1. c4 Nf6 2. Nc3 d5 3. cxd5 Nxd5 4. g3 e6 5. Bg2 Be7 6. d4 c6 7. e4 Nf6 8. Nge2 O-O 9. O-O Nbd7 10. f4 b5 11. f5 e5 12. Kh1 b4 13. Na4 Ba6 14. Be3 Qa5 15. Re1 Bb5 16. b3 Bxa4 $17 17. bxa4 Rfd8 18. Rc1 Rac8 19. d5 c5 20. Qb3 Nb6 21. a3 bxa3 22. Qxa3 Rd7 23. Qb2 Ng4 24. Bd2 Qxa4 25. Ra1 Qc4 26. Rac1 Nf2+ 27. Kg1 Nd3 28. Rxc4 Nxb2 29. Rc2 N2c4 30. Bc3 Ne3 31. Ra2 Nxg2 32. Kxg2 f6 33. Rea1 Ra8 34. Ra6 Nc8 35. Ba5 Rb7 36. Rc6 Nd6 37. Nc3 Rc8 38. Rxc8+ Nxc8 39. Rb1 Rxb1 40. Nxb1 Nd6 41. Kf3 Kf7 42. Na3 c4 43. Bb4 Nxf5 44. Bxe7 Nd4+ 45. Ke3 Kxe7 46. Nxc4 Nb5 47. Kd3 Kd7 48. Na5 Kc7 49. Nb3 Kb6 50. Nd2 Kc5 51. Nc4 Nd6 52. Na5 Kb5 53. Nc6 a5 54. Ne7 a4 55. Nf5 Nxf5 0-1

[Event "ESTCC U50 2018"]
[Site "Walbrzych"]
[Date "2018.04.17"]
[Round "4"]
[White "Kierzek, Mira"]
[Black "Van Herck, Marcel"]
[Result "1/2-1/2"]
[ECO "E09"]
[WhiteElo "2011"]
[BlackElo "2061"]
[Annotator "NA"]
[PlyCount "41"]
[EventDate "2018.??.??"]
[EventCountry "POL"]
[SourceTitle "playchess.com"]
[Source "ChessBase"]
[SourceQuality "1"]
[WhiteTeam "Germany"]
[BlackTeam "Belgium"]
[WhiteTeamCountry "GER"]
[BlackTeamCountry "BEL"]
[TimeControl "40/5400+30:1800+30"]

1. d4 Nf6 2. c4 e6 3. Nf3 d5 4. g3 Be7 5. Bg2 O-O 6. O-O Nbd7 7. Qc2 c6 8. Nbd2 b6 9. e4 dxe4 10. Nxe4 $14 {[%emt 0:00:18] LiveBook: 154 Games} Bb7 11. Ne5 Nxe5 12. dxe5 Nxe4 13. Bxe4 h6 14. Be3 Qc7 15. f4 c5 16. Rad1 Rad8 17. b3 Rxd1 18. Rxd1 Rd8 19. Rxd8+ Bxd8 20. Bxb7 Qxb7 21. Qg2 1/2-1/2

[Event "ESTCC U50 2018"]
[Site "Walbrzych"]
[Date "2018.04.17"]
[Round "4"]
[White "Sihvonen, Tero"]
[Black "Czyz, Andrzej"]
[Result "1/2-1/2"]
[ECO "C28"]
[WhiteElo "1988"]
[BlackElo "1999"]
[Annotator "NA"]
[PlyCount "86"]
[EventDate "2018.??.??"]
[EventCountry "POL"]
[SourceTitle "playchess.com"]
[Source "ChessBase"]
[SourceQuality "1"]
[WhiteTeam "Finland"]
[BlackTeam "Poland"]
[WhiteTeamCountry "FIN"]
[BlackTeamCountry "POL"]
[TimeControl "40/5400+30:1800+30"]

1. e4 e5 2. Bc4 Nf6 3. Nc3 Nc6 4. d3 Bb4 5. Bd2 Bxc3 6. bxc3 d6 7. Nf3 O-O 8. O-O Qe7 9. Re1 Bg4 10. h3 Be6 11. Bb3 a5 12. a4 Rfe8 13. Qb1 b6 14. Ng5 Nd8 15. Kh2 h6 16. Nxe6 Nxe6 17. Qd1 Rad8 $11 18. Qf3 Nc5 19. Qg3 Kh7 20. Qh4 d5 21. exd5 Nxb3 22. cxb3 Rxd5 23. d4 e4 24. f3 g5 25. Qf2 Qd6+ 26. Qg3 exf3 27. Rxe8 Nxe8 28. gxf3 Qxg3+ 29. Kxg3 Kg6 30. Rd1 Ng7 31. Bc1 c5 32. Bb2 cxd4 33. cxd4 Ne6 34. Rc1 Rd6 35. Rc4 h5 36. h4 f6 37. b4 axb4 38. Rxb4 Ng7 39. hxg5 fxg5 40. Kf2 Ne6 41. Kg3 Nf4 42. Rc4 Kf5 43. Rc2 Re6 1/2-1/2

[Event "ESTCC U50 2018"]
[Site "Walbrzych"]
[Date "2018.04.17"]
[Round "4"]
[White "Pietinen, Pekka"]
[Black "Roth, Martin"]
[Result "1-0"]
[ECO "B28"]
[WhiteElo "1983"]
[BlackElo "2141"]
[Annotator "NA"]
[PlyCount "121"]
[EventDate "2018.??.??"]
[EventCountry "POL"]
[SourceTitle "playchess.com"]
[Source "ChessBase"]
[SourceQuality "1"]
[WhiteTeam "FIN"]
[BlackTeam "SUI"]
[WhiteTeamCountry "FIN"]
[BlackTeamCountry "GER"]
[TimeControl "40/5400+30:1800+30"]

1. e4 c5 2. Nf3 a6 3. d4 cxd4 4. Nxd4 Nf6 {[%emt 0:00:16] LiveBook: 203 Games} 5. Bd3 e5 6. Nb3 d5 7. exd5 Nxd5 8. Be4 Nf6 9. Qxd8+ Kxd8 10. Bf3 e4 11. Be2 $14 Nc6 12. a3 Bd6 13. Bg5 Be6 14. N1d2 Bxb3 15. Nxb3 Kc7 16. O-O-O Rhe8 17. h3 h6 18. Be3 Rad8 19. Rd2 g5 20. Nd4 Bf4 21. Nxc6 Kxc6 22. c4 Rxd2 23. Kxd2 Rd8+ 24. Kc3 Bxe3 25. fxe3 Ne8 26. Rf1 Rd7 27. b4 b6 28. g4 f6 29. Rd1 Re7 30. Rd5 Re5 31. Kd4 Re7 32. c5 bxc5+ 33. Rxc5+ Kb6 34. Bc4 Nc7 35. a4 Rd7+ 36. Kxe4 Re7+ 37. Kd4 Rd7+ 38. Ke4 Re7+ 39. Kf3 Rd7 40. Rf5 Rd6 41. Ke4 Kc6 42. Rf2 Kd7 43. b5 a5 44. Rf5 Na8 45. Rd5 Nb6 46. Rxd6+ Kxd6 47. Bb3 Nd7 48. Kf5 Nc5 49. Bc2 Nd7 50. Bd1 Ke7 51. Bb3 Nc5 52. Bc2 Nd7 53. Kg6 Nb6 54. Kxh6 Nc4 55. e4 Kd6 56. Kg6 Ke5 57. Kf7 Nb6 58. Ke7 Nc4 59. Kd7 Nd6 60. b6 Nb7 61. Kc7 {[%emt 0:01:44] Kxe4} 1-0

[Event "ESTCC U50 2018"]
[Site "Walbrzych"]
[Date "2018.04.17"]
[Round "4"]
[White "Szmyd, Marek"]
[Black "Scowen, Roger S"]
[Result "1-0"]
[ECO "A01"]
[WhiteElo "1898"]
[BlackElo "1882"]
[Annotator "NA"]
[PlyCount "47"]
[EventDate "2018.??.??"]
[EventCountry "POL"]
[SourceTitle "playchess.com"]
[Source "ChessBase"]
[SourceQuality "1"]
[WhiteTeam "Poland"]
[BlackTeam "England"]
[WhiteTeamCountry "POL"]
[BlackTeamCountry "ENG"]
[TimeControl "40/5400+30:1800+30"]

1. b3 f5 2. Bb2 Nf6 3. e3 e6 4. f4 Be7 5. Nf3 O-O 6. g3 Qe8 7. Bg2 c5 8. O-O Nc6 9. c4 d6 10. Nc3 a6 11. d4 d5 12. cxd5 exd5 13. dxc5 Bxc5 14. Nxd5 Bxe3+ 15. Kh1 Ng4 16. Nc7 Qf7 17. Nxa8 h6 18. Qe2 Re8 19. Ne5 Qh5 20. Nxg4 fxg4 21. Nc7 Re7 22. Nd5 Re8 23. Nc7 Re7 24. Nd5 1-0

[Event "ESTCC U50 2018"]
[Site "Walbrzych"]
[Date "2018.04.17"]
[Round "4"]
[White "Ruiz Bellon, Manuel"]
[Black "Webster, Jim J"]
[Result "1-0"]
[ECO "A04"]
[WhiteElo "1861"]
[BlackElo "1769"]
[Annotator "NA"]
[PlyCount "69"]
[EventDate "2018.??.??"]
[EventCountry "POL"]
[SourceTitle "playchess.com"]
[Source "ChessBase"]
[SourceQuality "1"]
[WhiteTeam "Spain"]
[BlackTeam "Scotland"]
[WhiteTeamCountry "ESP"]
[BlackTeamCountry "SCO"]
[TimeControl "40/5400+30:1800+30"]

1. Nf3 c5 2. g3 b6 3. Bg2 Bb7 4. c4 Nf6 5. Nc3 g6 6. O-O Bg7 7. e3 O-O 8. d4 cxd4 9. exd4 d6 10. Re1 e6 11. Bf4 Nh5 12. Bg5 Qd7 13. Qd2 Re8 14. Rad1 a6 15. g4 Nf6 16. Qf4 Qd8 17. h3 Ra7 18. Nd2 h6 19. Bxh6 Nh7 20. Bxg7 Kxg7 21. Nde4 Qc7 22. Qxd6 Bxe4 23. Nxe4 Rd8 24. Qxc7 Rxc7 25. c5 bxc5 26. dxc5 Rh8 27. g5 Nd7 28. Rc1 Rb8 29. Re2 Rbc8 30. Rec2 Ne5 31. Rc3 Nf8 32. f4 Nc6 33. Rd1 Rb8 34. Nd6 Rxb2 35. Rd2 1-0

[Event "ESTCC U50 2018"]
[Site "Walbrzych"]
[Date "2018.04.17"]
[Round "4"]
[White "Jones, Gareth"]
[Black "Daleczko, Zbigniew"]
[Result "1-0"]
[ECO "A04"]
[WhiteElo "1858"]
[BlackElo "1835"]
[Annotator "NA"]
[PlyCount "68"]
[EventDate "2018.??.??"]
[EventCountry "POL"]
[SourceTitle "playchess.com"]
[Source "ChessBase"]
[SourceQuality "1"]
[WhiteTeam "England"]
[BlackTeam "Poland"]
[WhiteTeamCountry "ENG"]
[BlackTeamCountry "POL"]
[TimeControl "40/5400+30:1800+30"]

1. Nf3 c5 2. g3 Nc6 3. d4 cxd4 4. Nxd4 g6 5. Bg2 Bg7 6. Nxc6 bxc6 7. O-O Nf6 8. c4 O-O 9. Nc3 Qc7 10. Qc2 d6 11. e4 Bb7 12. Qe2 Nd7 13. Be3 Bxc3 14. bxc3 c5 15. Bh6 Rfe8 16. f4 Rab8 17. Bh3 Nf6 18. Bg2 Qd7 19. Rad1 Qc7 20. f5 Bc6 21. fxg6 hxg6 22. Qf2 Qc8 23. Rd5 Qe6 24. h3 Nd7 25. Rg5 Kh7 26. Qf4 Kxh6 27. Re5+ Kg7 28. Rxe6 fxe6 29. Qf7+ Kh6 30. Rf4 Nf6 31. Rh4+ Kg5 32. e5 Rb1+ 33. Bf1 Bd7 34. exf6 Rbb8 1-0

[Event "ESTCC U50 2018"]
[Site "Walbrzych"]
[Date "2018.04.17"]
[Round "4"]
[White "Aird, Ian"]
[Black "Ciuro Munoz, Ricardo"]
[Result "0-1"]
[ECO "A34"]
[WhiteElo "1785"]
[BlackElo "1972"]
[Annotator "NA"]
[PlyCount "46"]
[EventDate "2018.??.??"]
[EventCountry "POL"]
[SourceTitle "playchess.com"]
[Source "ChessBase"]
[SourceQuality "1"]
[WhiteTeam "Scotland"]
[BlackTeam "Spain"]
[WhiteTeamCountry "SCO"]
[BlackTeamCountry "ESP"]
[TimeControl "40/5400+30:1800+30"]

1. c4 c5 2. Nf3 Nf6 3. Nc3 d5 4. cxd5 Nxd5 5. e3 {LiveBook: 411 Games} Nc7 6. d4 cxd4 7. exd4 $14 g6 8. Bc4 Bg7 9. Qb3 O-O 10. Ng5 e6 11. Be3 Nc6 12. Qa4 a6 13. Qd1 Nxd4 14. O-O b5 15. Bd3 Bb7 16. Nce4 h6 17. Nf3 Nxf3+ 18. gxf3 Nd5 19. Qe2 Nxe3 20. fxe3 Rc8 21. a4 Rb8 22. axb5 axb5 23. Bxb5 Bxe4 0-1

[Event "ESTCC U50 2018"]
[Site "Walbrzych"]
[Date "2018.04.17"]
[Round "4"]
[White "Aegerter, Klaus"]
[Black "Green, Michael L"]
[Result "1-0"]
[ECO "A04"]
[WhiteElo "1731"]
[BlackElo "2069"]
[Annotator "NA"]
[PlyCount "55"]
[EventDate "2018.??.??"]
[EventCountry "POL"]
[SourceTitle "playchess.com"]
[Source "ChessBase"]
[SourceQuality "1"]
[WhiteTeam "SUI"]
[BlackTeam "FIN"]
[WhiteTeamCountry "SUI"]
[BlackTeamCountry "SCO"]
[TimeControl "40/5400+30:1800+30"]

1. e4 c5 2. Nf3 Nc6 3. d3 d6 4. g3 Bd7 5. Bg2 g6 6. O-O Bg7 7. c3 e5 8. Be3 Qb6 9. Qd2 O-O-O 10. b4 h5 11. h4 Bh6 12. Bxh6 Nxh6 13. bxc5 dxc5 14. Na3 Be6 15. Rfb1 Qa6 16. Qb2 b6 17. d4 exd4 18. cxd4 Nxd4 19. Nxd4 Rxd4 20. Nb5 Rdd8 21. Qe5 Kb7 22. Qc7+ Ka8 23. e5+ Bd5 24. Bxd5+ Rxd5 25. Qc6+ Qb7 26. Nc7+ Kb8 27. Qxb7+ Kxb7 28. Nxd5 1-0

[Event "ESTCC U50 2018"]
[Site "Walbrzych"]
[Date "2018.04.17"]
[Round "4"]
[White "Telenius, Kimmo"]
[Black "Sidler, Samuel"]
[Result "1-0"]
[ECO "B42"]
[WhiteElo "1603"]
[BlackElo "1833"]
[Annotator "NA"]
[PlyCount "75"]
[EventDate "2018.??.??"]
[EventCountry "POL"]
[SourceTitle "playchess.com"]
[Source "ChessBase"]
[SourceQuality "1"]
[WhiteTeam "FIN"]
[BlackTeam "SUI"]
[WhiteTeamCountry "FIN"]
[BlackTeamCountry "SUI"]
[TimeControl "40/5400+30:1800+30"]

1. e4 c5 2. Nf3 e6 3. d4 cxd4 4. Nxd4 a6 5. c4 Nf6 6. Nc3 Qc7 7. Bd3 Nc6 8. Nxc6 bxc6 9. O-O Bb7 10. a3 Rd8 11. Be3 Be7 12. f4 d6 13. Qe2 O-O 14. g4 h6 15. g5 hxg5 16. fxg5 Nh7 17. Qh5 e5 18. Rf3 Bc8 19. Raf1 Be6 20. g6 fxg6 21. Qxg6 Rf6 22. Rxf6 Bxf6 23. Nd5 cxd5 24. exd5 Nf8 25. Qg3 Qe7 26. dxe6 Qxe6 27. Rc1 e4 28. Be2 Bxb2 29. Rc2 Be5 30. Qg2 Re8 31. Kh1 Qg6 32. Qh3 Ne6 33. Bh5 Qf6 34. Bxe8 Bf4 35. Rf2 Qe5 36. Bc6 Ng5 37. Bd5+ Qxd5 38. Qc8+ 1-0

[Event "ESTCC U50 2018"]
[Site "Walbrzych"]
[Date "2018.04.18"]
[Round "5"]
[White "Grabuzova, Tatiana"]
[Black "Deleyn, Gunter"]
[Result "1/2-1/2"]
[ECO "A40"]
[WhiteElo "2311"]
[BlackElo "2200"]
[Annotator "NA"]
[PlyCount "93"]
[EventDate "2018.??.??"]
[EventCountry "POL"]
[SourceTitle "playchess.com"]
[Source "ChessBase"]
[SourceQuality "1"]
[WhiteTeam "Russia"]
[BlackTeam "Belgium"]
[WhiteTeamCountry "RUS"]
[BlackTeamCountry "BEL"]
[TimeControl "40/5400+30:1800+30"]

1. d4 Nf6 2. c4 e6 3. g3 Bb4+ 4. Bd2 Qe7 5. Bg2 Nc6 6. e3 Bxd2+ 7. Qxd2 {[%emt 0:00:21] LiveBook: 42 Games} Qb4 {[%emt 0:00:06] E00: Catalan Bogo-Indian (3 g3 Bb4+)} (7... d5 8. Nf3 dxc4 9. O-O e5 10. Nxe5 Nxe5 11. dxe5 Qxe5 12. Na3 Be6 13. Rac1 Ne4 14. Qd4 Qxd4 15. exd4 {½-½ (52) Goryachkina,A (2493)-Ivanchuk,V (2726) Caleta 2018}) 8. d5 $146 ({Predecessor:} 8. Qc3 d5 9. Ne2 Qxc4 10. Qxc4 dxc4 11. Na3 Bd7 12. Nxc4 Nb4 13. O-O Bc6 14. Rfc1 Bxg2 15. Kxg2 {1-0 (53) Kourkoulos Arditis,S (2375)-Papadopoulos,P (2211) Thessaloniki 2018}) 8... Qxd2+ 9. Kxd2 Ne5 10. b3 d6 11. Nc3 a6 12. Nge2 Rb8 13. f4 Ng6 14. e4 O-O 15. Rhd1 Re8 16. h3 h5 ({Black should play} 16... b5 $11) 17. dxe6 fxe6 18. Ke3 b5 {[%emt 0:03:07] [#]} 19. Rab1 $15 (19. c5 $1 $16) 19... b4 20. Na4 Bd7 21. Nb2 Bc6 22. Bf3 h4 23. g4 e5 24. f5 Nf4 25. Ng1 Nh7 26. Nd3 g5 27. Nf2 Nf6 28. Be2 Kg7 29. Bf1 Nd7 30. Nf3 Kf6 31. Nd3 a5 32. Rb2 Nxd3 33. Bxd3 Nc5 34. Bc2 Rb6 35. Nd2 Ra8 36. Rdb1 a4 37. Bd1 axb3 38. axb3 Ra3 39. Rc1 Na4 40. Rbc2 Nc3 41. Bf3 Rba6 42. Nb1 Nxb1 43. Rxb1 R6a5 44. Kd2 Be8 45. Kc1 Bf7 46. Bg2 Ke7 47. Ra1 1/2-1/2

[Event "ESTCC U50 2018"]
[Site "Walbrzych"]
[Date "2018.04.18"]
[Round "5"]
[White "Rooze, Jan"]
[Black "Strutinskaia, Galina"]
[Result "1/2-1/2"]
[ECO "B51"]
[WhiteElo "2307"]
[BlackElo "2232"]
[Annotator "NA"]
[PlyCount "79"]
[EventDate "2018.??.??"]
[EventCountry "POL"]
[SourceTitle "playchess.com"]
[Source "ChessBase"]
[SourceQuality "1"]
[WhiteTeam "Belgium"]
[BlackTeam "Russia"]
[WhiteTeamCountry "BEL"]
[BlackTeamCountry "RUS"]
[TimeControl "40/5400+30:1800+30"]

1. e4 c5 2. Nf3 d6 3. Bb5+ Nd7 4. O-O a6 5. Bd3 {[%emt 0:00:29] B51: Sicilian: Moscow Variation (3 Bb5+) without 3...Bd7} g6 (5... Ngf6 6. Re1 e6 7. c3 b5 8. Bc2 c4 9. a4 Bb7 10. axb5 axb5 11. Rxa8 Qxa8 12. Na3 Bxe4 13. Bxe4 Nxe4 {0-1 (59) Amin,B (2693)-Vidit,S (2718) Wijk aan Zee 2018}) 6. c3 Bg7 7. Bc2 e5 {[%emt 0:02:16] LiveBook: 5 Games} 8. d4 Ne7 9. dxc5 $146 ({Find the theoretical novelty and annotate with similar games:} 9. a4 O-O 10. dxe5 dxe5 11. Qd6 Nc6 12. Na3 Re8 {1-0 (100) Halkias,S (2519)-Gomes,M (2355) Doha 2014}) 9... dxc5 (9... Nxc5 $11 {remains equal.} 10. Be3 O-O) 10. Qd6 Qb6 11. Qxb6 Nxb6 12. Be3 Nd7 13. Nbd2 b5 14. a4 Rb8 15. axb5 axb5 16. Nb3 c4 17. Nc5 Nc6 18. Rfd1 Bf8 19. Nxd7 Bxd7 20. Ra6 Be7 21. h3 f6 22. Rd5 Nd8 (22... Rb7 $11) 23. Nd2 Rc8 24. Nb1 Bc6 25. Rd2 Ne6 $11 26. b3 Kf7 27. bxc4 bxc4 28. Na3 Bxa3 29. Rxa3 Ra8 30. Ba7 Rhc8 31. Rd1 Rc7 32. Rda1 Rd7 33. Be3 Rxa3 34. Rxa3 Nc7 35. Ra5 Ne6 36. Ra6 Rc7 37. f3 h5 38. Rb6 Bd7 39. Rb4 Nf4 40. Bxf4 1/2-1/2